 Dungeon Crawl Stone Soup version 0.20.1-1-g8b1a95d (webtiles) character file.

8876 mortelune the Cleaver (level 11, -2/102 HPs)
             Began as a Minotaur Fighter on Nov 4, 2017.
             Was an Elder of Okawaru.
             Slain by an eight-headed hydra (4 damage)
             ... on level 10 of the Dungeon.
             The game lasted 00:43:20 (12072 turns).

mortelune the Cleaver (Minotaur Fighter)           Turns: 12072, Time: 00:43:20

Health: -2/102     AC: 12    Str: 29    XL:     11   Next: 15%
Magic:  18/19      EV: 13    Int:  5    God:    Okawaru [****..]
Gold:   549        SH:  0    Dex: 10    Spells: 10/10 levels left

rFire    . . .     SeeInvis .   w - +7 flail of the Coin {venom, rPois Str+2}
rCold    . . .     Gourm    .   (no shield)
rNeg     . . .     Faith    .   M - +2 ring mail of Caogrunt {Str+3}
rPois    +         Spirit   .   (helmet restricted)
rElec    .         Reflect  .   F - +0 cloak
rCorr    .         Harm     .   (no gloves)
MR       .....                  (no boots)
Stlth    ++........             (no amulet)
Regen    0.3/turn               p - ring of magical power
MPRegen  0.2/turn               (no ring)

@: heroism, drained, invisible
A: retaliatory headbutt, horns 2
a: Heroism, Renounce Religion


You were on level 10 of the Dungeon.
You worshipped Okawaru.
Okawaru was greatly pleased with you.
You were not hungry.

You visited 2 branches of the dungeon, and saw 11 of its levels.

You collected 549 gold pieces.

Inventory:

Hand Weapons
 a - a +0 war axe
 c - a +4 battleaxe of freezing
 i - a +2 great sword
 w - the +7 flail of the Coin (weapon) {venom, rPois Str+2}
   (You took it off Urug on level 10 of the Dungeon)

   It poisons the flesh of those it strikes.
   It affects your strength (+2).
   It protects you from poison.
Armour
 b - a +0 scale mail
 v - a +0 plate armour
 y - a +2 ring mail of fire resistance
 F - a +0 cloak (worn)
 M - the +2 ring mail of Caogrunt (worn) {Str+3}
   (You found it on level 9 of the Dungeon)

   It affects your strength (+3).
Jewellery
 p - a ring of magical power (left hand)
Wands
 q - a wand of lightning (8/15)
 u - a wand of flame (24/48)
 x - a wand of polymorph (8/24)
 L - a wand of lightning (6/15)
 O - a wand of random effects (26/48)
Scrolls
 k - 3 scrolls of fog
 o - 3 scrolls of remove curse
 r - a scroll of enchant armour {unknown}
 s - 2 scrolls of fear {unknown}
 t - a scroll of amnesia {unknown}
 A - 4 scrolls of recharging
 H - a scroll of blinking {unknown}
 I - 3 scrolls of enchant weapon {unknown}
Potions
 d - a potion of might
 j - 3 potions of mutation
 l - a potion of invisibility
 n - 3 potions of heal wounds
 z - a potion of magic
 C - a potion of lignification
 E - a potion of degeneration
 G - 3 potions of agility
 J - a potion of flight
 K - 2 potions of berserk rage
 N - a potion of resistance
Books
 B - a book of Misfortune

   Spells                             Type                      Level
   a - Confusing Touch                Hexes                        1
   b - Confuse                        Hexes                        3
   c - Gell's Gravitas                Translocation                3
   d - Petrify                        Transmutation/Earth          4
   e - Metabolic Englaciation         Hexes/Ice                    5
   f - Yara's Violent Unravelling     Hexes/Transmutation          5
 D - a book of Minor Magic

   Spells                             Type                      Level
   a - Magic Dart                     Conjuration                  1
   b - Blink                          Translocation                2
   c - Call Imp                       Summoning                    2
   d - Slow                           Hexes                        2
   e - Conjure Flame                  Conjuration/Fire             3
   f - Mephitic Cloud                 Conjuration/Poison/Air       3
 P - a book of the Sky

   Spells                             Type                      Level
   a - Summon Lightning Spire         Summoning/Air                4
   b - Silence                        Hexes/Air                    5
   c - Deflect Missiles               Charms/Air                   6
   d - Conjure Ball Lightning         Conjuration/Air              6
   e - Tornado                        Air                          9
Comestibles
 f - 6 bread rations
 g - 7 meat rations
 h - 9 royal jellies
 m - 16 fruits


   Skills:
 + Level 11.0(15.2) Fighting
 * Level 14.2(18.4) Axes
 + Level 10.9(15.2) Armour
   Level 3.6(8.0) Shields


You had 10 spell levels left.
You didn't know any spells.

Dungeon Overview and Level Annotations

Branches:
Dungeon (10/15)            Temple (1/1) D:7             Orc (0/2) D:9
   Lair: D:8-11

Altars:
Ashenzari
Cheibriados
Dithmenos
Elyvilon
Fedhas
Gozag
Hepliaklqana
Kikubaaqudgha
Makhleb
Nemelex Xobeh
Okawaru
Qazlal
Ru
Sif Muna
Trog
Uskayaw
Vehumet
Xom
Yredelemnul
Zin
The Shining One

Shops:
D:9 %


Innate Abilities, Weirdness & Mutations

You reflexively headbutt those who attack you in melee.
You have a pair of horns on your head.


Message History

* * * LOW HITPOINT WARNING * * *
The eight-headed hydra bites you!
* * * LOW HITPOINT WARNING * * *
The eight-headed hydra bites you but does no damage. x2
The eight-headed hydra bites you!
* * * LOW HITPOINT WARNING * * *
The eight-headed hydra closely misses you.
As you read the scroll of fog, it crumbles to dust.
The scroll dissolves into smoke.
The eight-headed hydra barely misses you. x2
The eight-headed hydra bites you.
* * * LOW HITPOINT WARNING * * *
The eight-headed hydra bites you but does no damage. x2
The eight-headed hydra bites you.
* * * LOW HITPOINT WARNING * * *
The eight-headed hydra bites you but does no damage.
The eight-headed hydra barely misses you.
You fade into invisibility!
The eight-headed hydra bites you.
You die...

...z.........#................
.............#............###.
..####.......#...##.......#
.............).............
..#.........##.........###..
..#.........##.§§§§##
.......(....##.§§§.#
............##§§D§.#
............##.§@§.#
............##.....#
.........#####.....#
............########
.............###
##.##..........+
##.##..........#
##.............#
##.............#


You could see an eight-headed hydra.

Vanquished Creatures
  A two-headed ogre (D:10)
  Urug (D:10)
  An unseen horror (D:9)
  A cyclops (D:9)
  Psyche (D:8)
  A komodo dragon (D:10)
  3 trolls (D:9)
  Grinder (D:4)
  2 dream sheep (D:8)
  2 hippogriffs
  Sigmund (D:4)
  5 yaks
  3 orc warriors
  2 phantoms (D:8)
  3 ice beasts
  A sky beast (D:8)
  A necrophage (D:4)
  A hornet zombie (D:8)
  4 ogres
  2 centaurs
  A bullfrog (D:10)
  3 big kobolds (D:8)
  A gnoll sergeant (D:4)
  2 scorpions
  9 wights
  2 howler monkeys
  5 crimson imps
  A centaur zombie (D:6)
  A jelly (D:9)
  A bullfrog skeleton (D:10)
  A hound (D:9)
  6 orc priests
  11 orc wizards
  A centaur skeleton (D:10)
  2 iguanas
  Ijyb (D:3)
  9 worker ants
  9 gnolls
  10 adders
  3 shadow imps
  An adder skeleton (D:6)
  4 worms
  A dart slug (D:4)
  5 leopard geckos
  30 orcs
  8 bats
  4 giant cockroaches
  8 goblins
  5 hobgoblins
  6 jackals (D:6)
  3 kobolds
  6 quokkas
  3 ball pythons
  2 frilled lizards (D:1)
  A jackal zombie (D:7)
  A quokka skeleton (D:5)
  11 rats
215 creatures vanquished.

Notes
Turn   | Place    | Note
-------+----------+-------------------------------------------
     0 | D:1      | mortelune the Minotaur Fighter began the quest for the Orb.
     0 | D:1      | Reached XP level 1. HP: 19/19 MP: 0/0
   131 | D:1      | You fall through a shaft!
   199 | D:2      | Reached XP level 2. HP: 23/27 MP: 1/1
   261 | D:2      | Found a shadowy altar of Dithmenos.
   469 | D:1      | Reached skill level 3 in Axes
   632 | D:1      | Found a shimmering altar of Xom.
   634 | D:1      | Found a glowing silver altar of Zin.
   634 | D:1      | Found a sacrificial altar of Ru.
   636 | D:1      | Found an iron altar of Okawaru.
   636 | D:1      | Found a deep blue altar of Sif Muna.
   636 | D:1      | Found a hide-covered altar of Uskayaw.
   891 | D:2      | Reached XP level 3. HP: 27/33 MP: 2/2
  1247 | D:2      | Reached skill level 4 in Axes
  1247 | D:2      | Reached XP level 4. HP: 40/40 MP: 3/3
  1531 | D:3      | Reached XP level 5. HP: 31/47 MP: 4/4
  1540 | D:3      | Found a white marble altar of Elyvilon.
  1799 | D:3      | Reached skill level 5 in Axes
  1864 | D:3      | Reached skill level 5 in Fighting
  2035 | D:3      | Found a shattered altar of Ashenzari.
  2157 | D:3      | Noticed Ijyb
  2162 | D:3      | Killed Ijyb
  2162 | D:3      | Reached skill level 5 in Armour
  2623 | D:4      | Reached XP level 6. HP: 48/56 MP: 5/5
  2706 | D:4      | Noticed Grinder
  2716 | D:4      | Killed Grinder
  2716 | D:4      | Reached skill level 6 in Axes
  2826 | D:4      | Noticed Sigmund
  2851 | D:4      | Killed Sigmund
  2851 | D:4      | Reached skill level 7 in Axes
  2851 | D:4      | Reached XP level 7. HP: 49/63 MP: 6/6
  3191 | D:4      | Found a snail-covered altar of Cheibriados.
  3661 | D:5      | Entered Level 5 of the Dungeon
  3696 | D:5      | Reached skill level 8 in Axes
  3774 | D:5      | Reached XP level 8. HP: 40/71 MP: 7/7
  5056 | D:6      | Reached skill level 9 in Axes
  5479 | D:6      | Reached skill level 10 in Axes
  5773 | D:6      | Reached XP level 9. HP: 77/81 MP: 8/8
  6668 | D:7      | Found a blossoming altar of Fedhas.
  6797 | D:7      | Found a staircase to the Ecumenical Temple.
  6807 | Temple   | Entered the Ecumenical Temple
  7099 | Temple   | Became a worshipper of Warmaster Okawaru
  7210 | D:7      | Found a sacrificial altar of Ru.
  7220 | D:7      | Found a hazy altar of Hepliaklqana.
  7684 | D:8      | Reached skill level 11 in Axes
  7788 | D:8      | Noticed a three-headed hydra
  7890 | D:8      | Noticed Psyche
  7905 | D:8      | Killed Psyche
  7905 | D:8      | Reached * piety under Okawaru
  8287 | D:8      | Found an opulent altar of Gozag.
  8467 | D:8      | Reached skill level 12 in Axes
  8537 | D:8      | Reached XP level 10. HP: 86/91 MP: 9/9
  9158 | D:9      | Found a staircase to the Orcish Mines.
  9300 | D:9      | Reached ** piety under Okawaru
  9527 | D:9      | Found Uphul's Food Shop.
  9792 | D:9      | Reached skill level 10 in Fighting
  9792 | D:9      | Reached skill level 10 in Armour
  9808 | D:9      | Got a heavily runed ring mail
  9819 | D:9      | Identified the +2 ring mail of Caogrunt {Str+3} (You found it on level 9 of the Dungeon)
  9876 | D:9      | Noticed a cyclops
 10282 | D:9      | Killed a cyclops
 10282 | D:9      | Reached *** piety under Okawaru
 10282 | D:9      | Reached skill level 13 in Axes
 10971 | D:9      | Killed an unseen horror
 10986 | D:10     | Entered Level 10 of the Dungeon
 10986 | D:10     | Noticed a two-headed ogre
 11220 | D:10     | Killed a two-headed ogre
 11220 | D:10     | Reached **** piety under Okawaru
 11220 | D:10     | Reached XP level 11. HP: 93/101 MP: 10/10
 11230 | D:10     | Reached skill level 14 in Axes
 11464 | D:10     | Noticed Urug
 11906 | D:10     | Killed Urug
 11910 | D:10     | Got a twisted flail {venom}
 11911 | D:10     | Identified the +7 flail of the Coin {venom, rPois Str+2} (You took it off Urug on level 10 of the Dungeon)
 11948 | D:10     | Noticed an eight-headed hydra
 12070 | D:10     | HP: 3/102 [eight-headed hydra (6)]
 12072 | D:10     | Slain by an eight-headed hydra

Skill      XL: |  1  2  3  4  5  6  7  8  9 10 11 |
---------------+----------------------------------+-----
Armour         | 4 5 6 7 9 10 | 10.9
Axes           | 3 4 5 7 8 10 12 13 14 | 14.2
Fighting       | 4 5 6 8 9 10 11 | 11.0
Shields        | |  3.6

Action                   |  1- 3 |  4- 6 |  7- 9 | 10-12 || total
-------------------------+-------+-------+-------+-------++-------
Melee: War axe           |    66 |   123 |   326 |   101 ||   616
       Headbutt          |     8 |    15 |    50 |    37 ||   110
       Battleaxe         |       |       |       |    64 ||    64
       Flail             |       |       |       |     7 ||     7
Invok: Heroism           |       |       |       |     3 ||     3
Evoke: Wand              |       |       |     5 |       ||     5
  Use: Scroll            |     1 |     4 |     4 |    15 ||    24
       Potion            |       |       |     3 |     2 ||     5
  Eat: Chunk             |     1 |     5 |    19 |     5 ||    30
       Meat ration       |       |       |       |     1 ||     1
       Fruit             |       |       |       |     1 ||     1
Armor: Scale mail        |    33 |    29 |       |       ||    62
       Plate armour      |       |    26 |    60 |    46 ||   132
       Ring mail         |       |     3 |    78 |    53 ||   134
Dodge: Dodged            |    20 |    28 |    76 |    51 ||   175
Block: Shield            |    40 |    65 |   123 |    42 ||   270
